[Event "Live Chess"]
[Site "Chess.com"]
[Date "2024.06.01"]
[Round "-"]
[White "KeithArkell"]
[Black "yarek"]
[Result "1-0"]
[WhiteElo "2518"]
[BlackElo "1718"]
[TimeControl "300"]
[EndTime "11:13:24 PDT"]
[Termination "KeithArkell won by resignation"]

1. d4 g6 2. Nf3 Bg7 3. c4 c6 4. Nc3 d5 5. cxd5 cxd5 6. Bf4 a6 7. e3 Nf6 8. h3 e6 9. Bd3 O-O 10. O-O Nc6 11. Rc1 Bd7 12. Ne5 Nh5 13. Nxd7 Qxd7 14. Bh2 Nf6 15. Na4 Rac8 16. Nb6 1-0

[Event "Live Chess"]
[Site "Chess.com"]
[Date "2024.06.01"]
[Round "-"]
[White "koekoekoe"]
[Black "updatedopenings2024"]
[Result "0-1"]
[WhiteElo "2086"]
[BlackElo "1938"]
[TimeControl "300"]
[EndTime "11:13:33 PDT"]
[Termination "updatedopenings2024 won on time"]

1. d4 Nf6 2. Bf4 e6 3. e3 c5 4.
c3 d5 5. Nd2 Bd6 6. Bg3 Qc7 7.
Ngf3 Nbd7 8. Bb5 O-O 9. O-O a6 10. Ba4 b5 11. Bc2 e5 12. dxc5 Nxc5 13. Nb3 Nce4 14.
Bxe4 dxe4 15. Nfd2 Rd8 16. Qe2 Bb7 17. Bh4 Be7 18.
Bxf6 Bxf6 19. Qg4 Qd7 20. Qxd7 Rxd7 21. a4 Rad8 22. axb5 axb5 23. Ra7 Bd5 24. Rxd7 Rxd7 25. Nc5 Ra7 26. Ndxe4 Ra2 27. Nxf6+ gxf6 28. b4 Rc2 29.
Nd7 Kg7 30. Nb6 Be4 31. f3 Bd3 32. Rd1 Bf5 33. e4 Be6 34. Nd5 Bxd5 35. Rxd5 Rxc3 36.
Rxb5 Rb3 37. Rb8 Rb2 38. b5 h5 39. b6 h4 40. Kf1 h3 41. gxh3 Rxh2 42. b7 Rb2 43. Ke1 Kh7 44. Kd1 Kg7 45. Kc1 Rb6 46. Kc2 Kh7 47. Kc3 Kg7 48. Kc4 Rb1 49. Kc5 Kh7 50. Kc6 Rc1+ 51. Kd7 Rb1 52. Ke7 Kg7 53. Kd8 Rd1+ 54. Kc7 Rc1+ 55. Kd6 Rd1+ 56. Ke7 Rb1 57. Kd6 Rd1+ 58. Kc5 Rc1+ 59. Kb4 Rb1+ 60. Kc3 Kh7 61.
Kd2 Kg7 62. Ke3 Rb3+ 63. Kf2 Rb2+ 64. Kg3 Rb1 65. Kg4 Rg1+ 66. Kh4 Rb1 67. Kg3 Rg1+ 68. Kf2 Rb1 69. Kg3 Rb2 70. Kh4 Rb3 71. Kg4 Rb1 72. Kf5 Rg1 73. Rg8+ Kxg8 74. b8=Q+ Kg7 75. h4 Rg3 76. f4 Rf3 77. Kg4 Rxf4+ 78. Kg3 Rxe4 79. Qb1 Re3+ 0-1

[Event "Live Chess"]
[Site "Chess.com"]
[Date "2024.06.01"]
[Round "-"]
[White "sugandhasinha"]
[Black "grillage"]
[Result "0-1"]
[WhiteElo "1146"]
[BlackElo "1894"]
[TimeControl "300"]
[EndTime "11:13:50 PDT"]
[Termination "grillage won by resignation"]

1. d4 e6 2. e4 d5 3. e5 c5 4. c3 Nc6 5. Nf3 Bd7 6. Bd3 cxd4 7.
cxd4 Qb6 8. O-O Nxd4 9. Nxd4 Qxd4 10. Nc3 a6 11. Be3 Qxe5 12. Qb3 Qc7 13. Rac1 Bc6 14.
f4 Bd6 15. g3 Nf6 16. Bd4 Be7 17. Be5 Qc8 18. Na4 Qd8 19. Nb6 Ra7 20. a4 O-O 21. a5 Nd7 22. Qc2 Nxb6 23. Bxh7+ Kh8 24. axb6 Ra8 25.
Bd4 Bf6 26. Bxf6 Qxf6 27. Bd3 Qd4+ 28. Rf2 Qxb6 29. Qe2 g6 30. f5 exf5 31. Qe5+ Kg8 32. h4 Rfe8 33. Qf6 Re6 34. Qg5 Qd8 35. Qd2 Qe7 36.
h5 Kg7 37. h6+ Kh7 38. Rcf1 d4 39. g4 Qh4 40. Rxf5 Qxg4+ 41. Kh2 Qh4+ 42. Kg1 Qg3+ 0-1

[Event "Live Chess"]
[Site "Chess.com"]
[Date "2024.06.01"]
[Round "-"]
[White "NottheBishopSacrifice"]
[Black "Andorranarmy"]
[Result "0-1"]
[WhiteElo "2231"]
[BlackElo "2079"]
[TimeControl "300"]
[EndTime "11:13:59 PDT"]
[Termination "Andorranarmy won by resignation"]

1. Nf3 Nf6 2. g3 e6 3. Bg2 d5 4. O-O c5 5. d4 Nc6 6. c4 Be7 7.
cxd5 exd5 8. Nc3 Be6 9. Bg5 O-O 10. dxc5 Bxc5 11. Bxf6 Qxf6 12. Nxd5 Qxb2 13. e4 Bxd5 14. Qxd5 Bb6 15. Rad1 Rad8 16. Qb3 Qf6 17. Rd5 Rxd5 18.
exd5 Nd4 19. Nxd4 Qxd4 20. a4 a5 21. Qb5 h6 22. Qd7 Rb8 23. Qd6 Ba7 24. Qc7 Qxa4 25. d6 Qe8 26. Qxa5 Bd4 27. Qc7 b5 28. d7 Qd8 29.
Qd6 Bf6 30. Bd5 b4 31. Bb3 Be7 32. Qd5 Qf8 33. Rc1 Rd8 34. Rc7 Bd6 35. Rb7 Bc5 36. Kg2 Qe7 37. Rb5 Bd6 38. Rb7 Rxd7 39. Rxd7 Qxd7 40. h4 Qe7 41. h5 Kf8 42. Qa8+ Qe8 43. Qc6 Qxc6+ 44. Kg1 Qc3 45. Bd5 b3 46. Bxb3 Qxb3 47.
Kg2 Qc2 48. Kg1 Bc5 49. Kg2 Qxf2+ 50. Kh3 Bd6 0-1

[Event "Live Chess"]
[Site "Chess.com"]
[Date "2024.06.01"]
[Round "-"]
[White "GEMdzq"]
[Black "Andysav3"]
[Result "1-0"]
[WhiteElo "2317"]
[BlackElo "1860"]
[TimeControl "300"]
[EndTime "11:14:19 PDT"]
[Termination "GEMdzq won by resignation"]

1. e4 Nf6 2. e5 Nd5 3. Bc4 e6 4. Nf3 d6 5. O-O Be7 6. d4 Nb6 7. Bd3 Nc6 8. c3 dxe5 9. dxe5 Qd5 10. Qe2 a5 11. Rd1 Qd8 12. Be3 Bd7 13. Nbd2 Nd5 14.
Ne4 Qb8 15. Nc5 Nxe3 16. Qxe3 Qa7 17. Nxd7 Qxe3 18. fxe3 Kxd7 19. Bxh7+ Ke8 20. Be4 Rh5 21.
Bxc6+ bxc6 22. Rd2 Bg5 23. Kf2 Bh6 24. Rad1 g5 25. h3 Kf8 26. Rd7 Rc8 27. Nh2 Rh4 28. Ng4 Bg7 29. Nf6 Rh6 30. Rd8+ 1-0

[Event "Live Chess"]
[Site "Chess.com"]
[Date "2024.06.01"]
[Round "-"]
[White "TJ-W"]
[Black "powerchs"]
[Result "1-0"]
[WhiteElo "1552"]
[BlackElo "1251"]
[TimeControl "300"]
[EndTime "11:14:26 PDT"]
[Termination "TJ-W won by resignation"]

1. e4 c5 2. Nc3 d6 3. d4 cxd4 4.
Qxd4 Nc6 5. Qe3 Nf6 6. Bb5 Bd7 7.
Bd2 Ne5 8. Be2 g6 9. f4 Neg4 10. Bxg4 Bxg4 11. h3 Bd7 12. O-O-O Bg7 13. e5 dxe5 14.
fxe5 Ng8 15. Nf3 e6 16. Qc5 Ne7 17. Bg5 Bf8 18. Nb5 Qb6 19. Nd6+ Kd8 20. Qxb6+ axb6 21. Nxf7+ Kc7 22. Nxh8 Bg7 23. Nf7 Nd5 24. a3 Ra4 25.
Rd4 Ra5 26. Rc4+ Kb8 27. Nd6 Bc6 28. Rf1 h6 29. Bf6 Bf8 30. Nd4 Ne3 31. Nxc6+ bxc6 32. Rxc6 Nxf1 33. Rc8+ Ka7 34. Rxf8 Ng3 35. Rf7+ Ka6 36. Rf8 Ka7 37. Bh4 Nf5 38. Nxf5 exf5 39. e6 Re5 40. e7 Re1+ 41. Bxe1 1-0

[Event "Live Chess"]
[Site "Chess.com"]
[Date "2024.06.01"]
[Round "-"]
[White "willc-h99"]
[Black "FlyingChessKestrel13"]
[Result "1-0"]
[WhiteElo "2632"]
[BlackElo "2095"]
[TimeControl "300"]
[EndTime "11:14:26 PDT"]
[Termination "willc-h99 won by resignation"]

1. d4 d5 2. Bg5 Nf6 3. Bxf6 exf6 4. e3 c6 5. Ne2 Bd6 6. g3 O-O 7. Bg2 Re8 8. O-O Bg4 9. h3 Bh5 10. Qd2 Bg6 11. Nf4 Be4 12. f3 Bg6 13. Nc3 Bxf4 14. exf4 f5 15. Rae1 Rxe1 16. Rxe1 Nd7 17. h4 f6 18. Bh3 Nf8 19. Qe3 Qd7 20. Qe7 Re8 21. Qxd7 Rxe1+ 22. Kf2 Nxd7 23. Kxe1 Kf7 24. Nd1 Ke6 25. Ne3 Nb6 26. b3 Nc8 27. h5 Nd6 28. hxg6 hxg6 29. Kd2 g5 30. c4 gxf4 31. gxf4 dxc4 32.
bxc4 g6 33. Kc3 b6 34. Bf1 g5 35. Bd3 gxf4 36. Ng2 c5 37. Nxf4+ Kf7 38. Bc2 cxd4+ 39. Kxd4 Nb7 40. Bxf5 Nc5 41. Nd3 a6 1-0

[Event "Live Chess"]
[Site "Chess.com"]
[Date "2024.06.01"]
[Round "-"]
[White "Colm_Buckley"]
[Black "Rusty_Bridges"]
[Result "1-0"]
[WhiteElo "1812"]
[BlackElo "1477"]
[TimeControl "300"]
[EndTime "11:14:44 PDT"]
[Termination "Colm_Buckley won by resignation"]

1. d4 d5 2. c4 e6 3. Nc3 Be7 4. Nf3 Nf6 5. Bf4 c6 6. e3 Nbd7 7. h3 O-O 8. Rc1 Ne8 9. Bd3 f5 10. O-O Nef6 11. Ne5 Nxe5 12. Bxe5 Bd6 13. Bxd6 Qxd6 14.
cxd5 cxd5 15. f3 a6 16. Na4 b6 17. Qb3 Rb8 18. Rc2 Nd7 19. Rfc1 b5 20. Nc5 Nxc5 21. Rxc5 Bd7 22. R1c3 Rfc8 23. Qc2 Rxc5 24. Rxc5 h6 25. a3 Kh7 26. Kf2 g5 27. Rc7 Kg6 28. Qc5 Qxc5 29. dxc5 Be8 30. b4 Ra8 31. Rb7 a5 32. Bxb5 axb4 33. Bxe8+ Rxe8 34. axb4 1-0

[Event "Live Chess"]
[Site "Chess.com"]
[Date "2024.06.01"]
[Round "-"]
[White "McFim"]
[Black "JavaidMiah"]
[Result "1-0"]
[WhiteElo "1580"]
[BlackElo "1184"]
[TimeControl "300"]
[EndTime "11:14:48 PDT"]
[Termination "McFim won by resignation"]

1. e4 c5 2. Nf3 Nc6 3. Bb5 Nf6 4. d3 d6 5. O-O g6 6. Nc3 Bg7 7. h3 O-O 8. Bf4 Nd4 9. Bc4 e6 10. Nxd4 cxd4 11. Ne2 e5 12. Bg5 Qb6 13. Qc1 a5 14. c3 dxc3 15. bxc3 Qc7 16. Rb1 Rd8 17. Bh6 Bd7 18. Bxg7 Kxg7 19. f4 a4 20. Bd5 Nxd5 21.
exd5 Rac8 22. c4 Qc5+ 23. Kh2 Rb8 24. Nc3 Qd4 25. Qc2 Qxf4+ 26. Rxf4 1-0

[Event "Live Chess"]
[Site "Chess.com"]
[Date "2024.06.01"]
[Round "-"]
[White "Golden_Plans"]
[Black "chess5013"]
[Result "1-0"]
[WhiteElo "2253"]
[BlackElo "1250"]
[TimeControl "300"]
[EndTime "11:14:48 PDT"]
[Termination "Golden_Plans won by checkmate"]

1. e4 c6 2. d4 d5 3. Nc3 dxe4 4.
Nxe4 Bf5 5. Ng5 h6 6. Nxf7 Kxf7 7. Nf3 Nf6 8. Ne5+ Ke8 9. Bc4 e6 10. g4 Qa5+ 11. Bd2 Bxg4 12. f3 Bxf3 13. Qxf3 Qc7 14. Qg3 Nbd7 15. Qg6+ Kd8 16. Nf7+ Kc8 17. Bxe6 Rg8 18.
O-O-O b6 19. Rhf1 Kb7 20. Bf4 Qc8 21. Bd6 Bxd6 22. Nxd6+ Kc7 23. Nxc8 Raxc8 24. Qf7 Rge8 25. Rxf6 gxf6 26. Qxd7+ Kb8 27. d5 c5 28. d6 Rg8 29.
Bd5 Rg2 30. Qb7# 1-0

[Event "Live Chess"]
[Site "Chess.com"]
[Date "2024.06.01"]
[Round "-"]
[White "hapehansen"]
[Black "MagnersCarlsberg2870"]
[Result "1-0"]
[WhiteElo "2243"]
[BlackElo "1875"]
[TimeControl "300"]
[EndTime "11:14:48 PDT"]
[Termination "hapehansen won by resignation"]

1. Nf3 Nc6 2. e4 e5 3. Nc3 Bc5 4. Nxe5 Bxf2+ 5. Kxf2 Nxe5 6. d4 Qf6+ 7. Kg1 Nc6 8. Be3 d6 9. Qf3 Qxf3 10. gxf3 Nb4 11.
Rc1 Nf6 12. a3 Nc6 13. Nb5 Kd8 14. Kf2 a6 15. Nc3 h5 16. Rg1 g6 17. Bg5 Ke7 18.
Nd5+ Ke6 1-0

[Event "Live Chess"]
[Site "Chess.com"]
[Date "2024.06.01"]
[Round "-"]
[White "TigerTank70"]
[Black "LL220284LL"]
[Result "0-1"]
[WhiteElo "2200"]
[BlackElo "2569"]
[TimeControl "300"]
[EndTime "11:15:01 PDT"]
[Termination "LL220284LL won by resignation"]

1. e4 g6 2. d4 h5 3. Nc3 Bg7 4.
Nf3 b6 5. Bc4 e6 6. O-O Bb7 7.
Bg5 Bf6 8. Bxf6 Qxf6 9. d5 Nh6 10. Nb5 Na6 11. d6 c5 12. e5 Bxf3 13. Qxf3 Qxf3 14.
gxf3 f6 15. f4 Rf8 16. Bd3 Kf7 17. Be4 Rab8 18. c4 Kg7 19. Nxa7 Nf7 20. exf6+ Kxf6 21. a4 Nxd6 22. Bd3 Nb4 23. Be2 Ra8 24. Rfd1 Ke7 25. Nb5 Nxb5 26. axb5 Nc2 27. Rac1 Nd4 28. Bd3 Rxf4 29. h3 g5 30. Kg2 Ra2 31. Rb1 Ra8 32.
Bg6 Raf8 33. Rf1 Rh4 34. b4 Ne2 35. f3 Nf4+ 36. Kf2 Nxg6 37. bxc5 bxc5 38. b6 Rxc4 39.
b7 Rb8 40. Rb6 Rb4 41. Rb1 Rxb1 42. Rxb1 Ne5 0-1

[Event "Live Chess"]
[Site "Chess.com"]
[Date "2024.06.01"]
[Round "-"]
[White "nitrofish07"]
[Black "oscalik"]
[Result "1-0"]
[WhiteElo "2127"]
[BlackElo "2388"]
[TimeControl "300"]
[EndTime "11:15:23 PDT"]
[Termination "nitrofish07 won by checkmate"]

1. d4 Nf6 2. c4 d6 3. Nc3 e5 4. dxe5 dxe5 5. Qxd8+ Kxd8 6. Bg5 c6 7.
O-O-O+ Kc7 8. Nf3 Nbd7 9. Bxf6 gxf6 10. e4 a5 11. h3 b6 12. g4 a4 13. Nh4 Nc5 14. f3 Bh6+ 15. Kb1 Be6 16. Be2 Rhd8 17. Nf5 Bxf5 18. exf5 Be3 19. Ne4 Nxe4 20. fxe4 Rd3 21.
Rxd3 Bd4 22. Rhd1 c5 23. Kc2 a3 24. b3 h6 25. Rxd4 exd4 26. Kd3 Kd6 27. Bf3 Ke5 28. Rh1 Rg8 29. h4 Rg7 30. Rg1 Rg8 31. Be2 Kf4 32.
Bd1 h5 33. g5 fxg5 34. Rxg5 Rxg5 35. hxg5 Kxg5 36. Ke2 Kf4 37. Bc2 h4 38. Kf2 h3 39.
Bb1 f6 40. Kg1 Ke3 41. e5 fxe5 42. f6 d3 43. f7 d2 44. Bc2 e4 45. f8=Q Kd4 46. Qf4 Kc3 47. Qxe4 h2+ 48. Kxh2 Kb2 49. Qd3 b5 50. Qxd2 b4 51. Be4+ Ka1 52. Qc1+ Kxa2 53. Bb1+ Ka1 54. Qc2 a2 55. Qxa2# 1-0

[Event "Live Chess"]
[Site "Chess.com"]
[Date "2024.06.01"]
[Round "-"]
[White "yarek"]
[Black "EgbertIII"]
[Result "1-0"]
[WhiteElo "1721"]
[BlackElo "1445"]
[TimeControl "300"]
[EndTime "11:15:25 PDT"]
[Termination "yarek won by resignation"]

1. e4 c6 2. Nf3 d5 3. d3 dxe4 4.
Ng5 exd3 5. Bxd3 Nf6 6. Nxf7 Kxf7 7. Bg6+ hxg6 8. Qxd8 Be6 9. Nc3 b6 10. Qd4 c5 11. Qe3 1-0

[Event "Live Chess"]
[Site "Chess.com"]
[Date "2024.06.01"]
[Round "-"]
[White "PureDashingOctopus"]
[Black "CliveFrostick"]
[Result "1/2-1/2"]
[WhiteElo "2245"]
[BlackElo "1861"]
[TimeControl "300"]
[EndTime "11:15:27 PDT"]
[Termination "Game drawn by agreement"]

1. e4 c5 2. Nc3 e6 3. Nge2 Nc6 4. d4 cxd4 5. Nxd4 Nf6 6. Nxc6 bxc6 7. e5 Nd5 8. Ne4 Qc7 9. f4 Qb6 10. c4 Bb4+ 11. Ke2 f5 12. exf6 Nxf6 13. Be3 Qd8 14. Nd6+ Bxd6 15. Qxd6 Bb7 16. Kd1 c5 17. Qxc5 Ne4 18.
Qd4 O-O 19. Bd3 d5 20. cxd5 exd5 21. Bxe4 dxe4 22. Qxd8 Rfxd8+ 23. Ke2 Rac8 24. Rac1 Ba6+ 25. Kf2 Bd3 26. Rxc8 Rxc8 27. Rc1 Rxc1 28. Bxc1 Kf7 29. Ke3 Ke6 30. Kd4 Bb1 31. a3 h5 32. Be3 Kf5 33.
h3 Bd3 34. g3 a6 35. b4 Bf1 36. g4+ hxg4 37. hxg4+ Kxg4 38. Kxe4 Bg2+ 39. Ke5 Kf3 40. Bc5 Bh3 41. Bd6 g6 42. Kd4 Bf1 43. Kc5 Bb5 44. Kb6 Bf1 45. a4 Kg4 46. b5 axb5 47. axb5 Bxb5 48.
Kxb5 g5 1/2-1/2

[Event "Live Chess"]
[Site "Chess.com"]
[Date "2024.06.01"]
[Round "-"]
[White "asingardenof"]
[Black "OurKnightAtTheOpera"]
[Result "0-1"]
[WhiteElo "619"]
[BlackElo "2009"]
[TimeControl "300"]
[EndTime "11:15:55 PDT"]
[Termination "OurKnightAtTheOpera won by resignation"]

1. d4 d5 2. c4 e6 3. Nc3 Nf6 4. Nf3 Bb4 5. Bd2 O-O 6. e3 b6 7.
Bd3 dxc4 8. Bxc4 Bb7 9. Be2 Nbd7 10. O-O c5 11. Bb5 a6 12. Ba4 b5 13. Bb3 Qc7 14.
d5 Bxc3 15. bxc3 exd5 16. Bc2 Rfe8 17. Bf5 Ne5 18. a3 Rad8 19. Ng5 h6 20. Nh3 Nc4 21. Bc1 Qe5 22. Bd3 Nd6 23. f4 Qxc3 24. Rb1 c4 25. Bc2 Nde4 26. Nf2 d4 27. Bxe4 dxe3 28.
Ng4 Rxd1 29. Rxd1 Bxe4 30. Nxf6+ gxf6 31. h3 Bxb1 32. Kh2 e2 33. Bd2 exd1=Q 34. Bxc3 Be4 35. Bxf6 Qe2 36. Kg3 Qxg2+ 37. Kh4 Qf2+ 38. Kh5 Bf3+ 39. Kxh6 Qg3 40. f5 Re6 0-1

[Event "Live Chess"]
[Site "Chess.com"]
[Date "2024.06.01"]
[Round "-"]
[White "WelshTiger"]
[Black "Dhaydon19"]
[Result "0-1"]
[WhiteElo "2531"]
[BlackElo "2682"]
[TimeControl "300"]
[EndTime "11:16:16 PDT"]
[Termination "Dhaydon19 won by resignation"]

1. e4 c6 2. d4 d5 3. e5 c5 4. dxc5 Nc6 5. f4 e6 6. Be3 d4 7. Bf2 Bxc5 8. Nf3 Bb6 9. a3 Nge7 10. Bd3 Ng6 11. g3 O-O 12. Nbd2 f6 13. exf6 Qxf6 14.
O-O e5 15. Ne4 Qe7 16. fxe5 Bg4 17. Be2 Bxf3 18. Bxf3 Ncxe5 19. Bg2 Rad8 20. Qe2 d3 21. cxd3 Nxd3 22. Bxb6 axb6 23. Rxf8+ Qxf8 24. Rd1 Nge5 25. Nc3 Qc5+ 0-1

[Event "Live Chess"]
[Site "Chess.com"]
[Date "2024.06.01"]
[Round "-"]
[White "Mangoalo"]
[Black "RamsayFlayer"]
[Result "0-1"]
[WhiteElo "1009"]
[BlackElo "1961"]
[TimeControl "300"]
[EndTime "11:16:19 PDT"]
[Termination "RamsayFlayer won by checkmate"]

1. e4 e5 2. Nf3 Nc6 3. Bc4 Nf6 4. Nc3 Nxe4 5. Nxe4 d5 6. Bxd5 Qxd5 7. d3 Bf5 8. O-O Bxe4 9. dxe4 Qxe4 10. Re1 Qf5 11. g3 Bc5 12. Bf4 f6 13. Nh4 Qd7 14. Qxd7+ Kxd7 15.
Be3 Bxe3 16. fxe3 Rad8 17. Rad1+ Kc8 18. Nf3 Rxd1 19. Rxd1 Rd8 20. Rd3 Rxd3 21. cxd3 Nb4 22. d4 exd4 23. exd4 Nxa2 24. h4 Nc1 25. Kf2 Nd3+ 26.
Ke3 Nxb2 27. Kf4 Kd7 28. Kf5 Ke7 29. g4 g6+ 30. Kf4 Ke6 31. g5 f5 32. Ne5 Kd5 33. Nf7 Kxd4 34. Nd8 c5 35. Nxb7 c4 36. Nd8 c3 37. Ne6+ Kc4 38. Nf8 c2 39. Nxh7 c1=Q+ 40. Ke5 Qc3+ 41. Ke6 Qd4 42. Nf8 Qxh4 43. Nxg6 Qxg5 44.
Ne5+ Kc3 45. Nf3 Qe3+ 46. Ne5 Nc4 47. Kxf5 Qxe5+ 48. Kg4 Ne3+ 49. Kf3 Kd3 50. Kf2 Qf4+ 51. Ke1 Qf1# 0-1

[Event "Live Chess"]
[Site "Chess.com"]
[Date "2024.06.01"]
[Round "-"]
[White "degringolade64"]
[Black "LanceMaster23"]
[Result "1-0"]
[WhiteElo "2064"]
[BlackElo "1786"]
[TimeControl "300"]
[EndTime "11:17:04 PDT"]
[Termination "degringolade64 won by resignation"]

1. e4 c6 2. Nf3 d5 3. Nc3 dxe4 4. Nxe4 Nf6 5. Qe2 Nxe4 6. Qxe4 Nd7 7. Bc4 Nf6 8. Ne5 e6 9. Qe2 Bd6 10. d4 O-O 11. O-O Qc7 12. Re1 Nd7 13. Ng4 Nb6 14.
Bd3 f5 15. Ne5 Nd5 16. a3 Nf6 17. Bg5 h6 18. Bf4 Nd5 19. Bd2 b6 20. Qh5 Bxe5 21.
Rxe5 Qf7 22. Qf3 Bd7 23. Rae1 Rac8 24. c4 Nc7 25. h4 Rfe8 26. Bf4 Qf6 27. Qg3 Kh8 28.
R5e2 Na6 29. Be5 Qf7 30. d5 Nc5 31. dxe6 Nxe6 32. Bxf5 Qxf5 33. Qc3 Qf7 34. Re3 Nc5 35. Rg3 Rg8 36. Rd1 Ne4 37. Qe3 Nf6 38. Bxf6 gxf6 39.
Qxh6+ Qh7 40. Qxf6+ Rg7 41. Rxd7 Rg8 42. Rgxg7 Rxg7 43.
Rd8+ 1-0

[Event "Live Chess"]
[Site "Chess.com"]
[Date "2024.06.01"]
[Round "-"]
[White "IanCalvert2"]
[Black "elephantgerrald"]
[Result "1-0"]
[WhiteElo "1447"]
[BlackElo "756"]
[TimeControl "300"]
[EndTime "11:17:04 PDT"]
[Termination "IanCalvert2 won by checkmate"]

1. b3 d5 2. Bb2 Nc6 3. e3 Nf6 4. Bb5 Qd7 5. Nf3 e6 6. O-O a6 7.
Ne5 Bd6 8. Nxd7 Bxd7 9. Bxc6 Bxc6 10. d4 O-O-O 11. Nd2 h5 12. c4 g6 13. c5 Be7 14.
Qc2 g5 15. Rfe1 g4 16. e4 dxe4 17. Nxe4 Bxe4 18. Rxe4 Nxe4 19. Qxe4 f5 20. Qxe6+ Rd7 21.
c6 Rd8 22. cxd7+ Rxd7 23. Re1 Bb4 24. Re2 Kb8 25. Qe8+ Ka7 26. Qxd7 c6 27. a3 Kb6 28. axb4 Kb5 29. Bc3 Kb6 30. d5 c5 31. Re6+ Ka7 32.
bxc5 Kb8 33. c6 Ka7 34. Qxb7# 1-0

[Event "Live Chess"]
[Site "Chess.com"]
[Date "2024.06.01"]
[Round "-"]
[White "ACM42"]
[Black "JohanKjeldahl"]
[Result "1-0"]
[WhiteElo "2211"]
[BlackElo "1816"]
[TimeControl "300"]
[EndTime "11:17:05 PDT"]
[Termination "ACM42 won by resignation"]

1. e4 c5 2. Nf3 e6 3. d4 cxd4 4. Nxd4 Nc6 5. c4 a6 6. Nc3 Nf6 7. Nxc6 bxc6 8. e5 Ng8 9. Be3 Ne7 10. f4 g6 11. Bd3 Bg7 12. O-O Nf5 13. Bc5 Rb8 14. Qe2 d6 15. exd6 Nxd6 16. Rad1 Qc7 17.
Bb1 Nf5 18. b3 Bxc3 19. g4 Ne7 20. f5 gxf5 21. gxf5 Rg8+ 22. Kh1 Qe5 23. Qd3 Nd5 24. cxd5 Qxd5+ 25. Qxd5 cxd5 26. fxe6 Bxe6 27. Bxh7 Rg7 28.
Bf5 Kd7 29. Rxd5+ Kc6 30. Bxe6 fxe6 31. Rh5 Rbg8 32. Rc1 Bd2 33. Rc2 Rg5 34. Be3+ Kb7 35. Bxg5 Bxg5 36. Rg2 1-0

[Event "Live Chess"]
[Site "Chess.com"]
[Date "2024.06.01"]
[Round "-"]
[White "Duke_of_Bebington"]
[Black "Bob2pen"]
[Result "0-1"]
[WhiteElo "1624"]
[BlackElo "1860"]
[TimeControl "300"]
[EndTime "11:17:06 PDT"]
[Termination "Bob2pen won by resignation"]

1. e4 e6 2. d4 d5 3. Nd2 Nf6 4. Bd3 c5 5. c3 Nc6 6. e5 Nd7 7. Ne2 cxd4 8. cxd4 f6 9. Nf4 Nxd4 10. Qh5+ Ke7 11.
Ng6+ hxg6 12. Qxh8 Nxe5 13. Bb1 Kf7 14. O-O Bd7 15. Re1 Bb5 16. Qh3 Qb6 17. f4 Ndf3+ 18. Kh1 Nxe1 19. fxe5 Qf2 20. Nf3 Bf1 21. Nxe1 Qxe1 22.
Be3 Bd3+ 23. Bg1 Bxb1 24. exf6 Rc8 25. fxg7 Bxg7 26. Qf3+ Bf6 27. h3 Rc1 0-1

[Event "Live Chess"]
[Site "Chess.com"]
[Date "2024.06.01"]
[Round "-"]
[White "Crowded_House"]
[Black "uselessduffer"]
[Result "0-1"]
[WhiteElo "1764"]
[BlackElo "2404"]
[TimeControl "300"]
[EndTime "11:17:08 PDT"]
[Termination "uselessduffer won by checkmate"]

1. d4 Nf6 2. Bg5 e6 3. e3 c5 4. c3 b6 5. Nf3 Bb7 6. Nbd2 Be7 7. Bd3 cxd4 8. exd4 d6 9. O-O Nbd7 10. Re1 O-O 11. Ne4 Nxe4 12. Bxe7 Qxe7 13. Bxe4 Bxe4 14. Rxe4 Nf6 15. Re2 b5 16. Qb3 Rab8 17. Rae1 Qb7 18. h3 a5 19. a3 Qd5 20. Qxd5 Nxd5 21. Nd2 Rfc8 22. Nb3 Ra8 23. Nc1 b4 24. cxb4 axb4 25. axb4 Nxb4 26. Rd2 Kf8 27. Nd3 Nd5 28. g3 Ke7 29. Rc1 Rxc1+ 30. Nxc1 Ra1 31. Rc2 Nb4 32. Rc3 Na2 33. Ra3 Rxc1+ 34. Kg2 Nb4 35. Ra7+ Kf6 36. Rb7 Nd3 37. Rb6 Rc2 38. Rxd6 Rxf2+ 39. Kg1 Rxb2 40. d5 Ne5 41. dxe6 Nf3+ 42. Kf1 fxe6 43. Rd3 Nh2+ 44. Kg1 e5 45. Rd6+ Kf5 46. Rd7 g5 47. Rxh7 Ke4 48.
h4 Nf3+ 49. Kf1 Ke3 50. hxg5 Rf2# 0-1

[Event "Live Chess"]
[Site "Chess.com"]
[Date "2024.06.01"]
[Round "-"]
[White "Brooms1989"]
[Black "JanMur7"]
[Result "1-0"]
[WhiteElo "1086"]
[BlackElo "2278"]
[TimeControl "300"]
[EndTime "11:17:10 PDT"]
[Termination "Brooms1989 won by checkmate"]

1. e4 g6 2. d4 Bg7 3. Nf3 c5 4.
Be3 cxd4 5. Bxd4 Nc6 6. Bxg7 Qa5+ 7. c3 Nf6 8. Bxh8 Nxe4 9. Bd3 Nc5 10. O-O d6 11. Bd4 Bg4 12. b4 Nxb4 13. cxb4 Qxb4 14. Bxc5 dxc5 15. Be2 Rd8 16. Qb3 Qe4 17. Qb2 f6 18. Nc3 Qf4 19. Rad1 Rb8 20. Qb5+ Kf8 21. Qxc5 h5 22. Rd7 Bxd7 23. Nd5 Re8 24. Nxf4 Kf7 25. Qxa7 h4 26. Nxh4 g5 27. Nf3 gxf4 28. Nd4 Rg8 29. Bc4+ e6 30. Bxe6+ Bxe6 31. Nxe6 Kxe6 32. Qxb7 Rd8 33.
Qc6+ Kf7 34. Qc7+ Ke8 35. Qxd8+ Kxd8 36. Rb1 Kd7 37. a4 f3 38. gxf3 Ke6 39. a5 Kf5 40. a6 Kg5 41. a7 Kh4 42. a8=Q Kh3 43. Rb7 Kh4 44. Rg7 Kh5 45. Qh8# 1-0

[Event "Live Chess"]
[Site "Chess.com"]
[Date "2024.06.01"]
[Round "-"]
[White "Grace6363"]
[Black "MellowAesthetic"]
[Result "0-1"]
[WhiteElo "1167"]
[BlackElo "2065"]
[TimeControl "300"]
[EndTime "11:17:16 PDT"]
[Termination "MellowAesthetic won by resignation"]

1. d4 Nf6 2. c4 g6 3. Nc3 Bg7 4. Nf3 O-O 5. Bg5 h6 6. Bh4 d6 7.
e4 c5 8. d5 e6 9. Be2 exd5 10.
exd5 Bg4 11. O-O a6 12. a4 Nbd7 13. Qc2 Qc7 14. h3 Bxf3 15. Bxf3 Rfe8 16. Rae1 Rxe1 17.
Rxe1 Re8 18. Rxe8+ Nxe8 19. Qe4 Ndf6 20. Bxf6 Nxf6 21.
Qe3 Kf8 22. Ne2 Nd7 23. b3 Ne5 24. g4 Nxf3+ 25. Qxf3 Qd7 26. Ng3 b5 27. Ne4 bxa4 28.
bxa4 Be5 29. Qb3 Kg7 30. Kg2 g5 31. f3 f5 32. gxf5 Qxf5 33. Qe3 Kg6 34. Ng3 Qc2+ 35. Qe2 Qxe2+ 36. Nxe2 Kf5 37. Nc1 Kf4 38. Nd3+ Kf5 39. Nxe5 Kxe5 40. Kg3 Kd4 41. h4 Kxc4 42. Kg4 Kxd5 43. hxg5 hxg5 44. Kxg5 c4 45. Kf4 Kd4 46. Kg3 c3 47. f4 c2 48. f5 c1=Q 49. Kg4 Qh6 50.
f6 Qxf6 0-1

[Event "Live Chess"]
[Site "Chess.com"]
[Date "2024.06.01"]
[Round "-"]
[White "KeithArkell"]
[Black "Isambard_Thomas"]
[Result "1-0"]
[WhiteElo "2520"]
[BlackElo "2163"]
[TimeControl "300"]
[EndTime "11:17:17 PDT"]
[Termination "KeithArkell won by resignation"]

1. d4 Nf6 2. Nf3 d5 3. c4 c6 4.
cxd5 cxd5 5. Nc3 e6 6. Bg5 Be7 7. e3 a6 8. Bd3 Nbd7 9. O-O h6 10. Bh4 g5 11. Bg3 Rg8 12. Rc1 Qa5 13. a3 h5 14. h4 gxh4 15. Bxh4 Ng4 16. Bxe7 Kxe7 17. g3 Ndf6 18. Qa4 Qxa4 19. Nxa4 Bd7 20. Nb6 Rad8 21.
Rc7 Ne4 22. Bxe4 dxe4 23. Ne5 Nxe5 24. dxe5 h4 25. Rd1 hxg3 26. Rdxd7+ Rxd7 27. Rxd7+ Ke8 28. Rxb7 gxf2+ 29. Kxf2 Rg5 30. Nc4 Rh5 31. Kg3 Rg5+ 32. Kf4 Rg6 33. Nd6+ Kf8 34. Rxf7+ Kg8 35. Rf6 Kg7 36.
Rxg6+ Kxg6 37. Kxe4 Kg5 38. b4 1-0

[Event "Live Chess"]
[Site "Chess.com"]
[Date "2024.06.01"]
[Round "-"]
[White "LL220284LL"]
[Black "Colm_Buckley"]
[Result "1-0"]
[WhiteElo "2569"]
[BlackElo "1812"]
[TimeControl "300"]
[EndTime "11:17:17 PDT"]
[Termination "LL220284LL won by checkmate"]

1. d4 e6 2. Nf3 Nf6 3. Bg5 c5 4. e3 Qb6 5. Qc1 cxd4 6. exd4 Nc6 7. c3 h6 8. Bh4 g5 9. Bg3 Bg7 10. Nbd2 Qd8 11. Bd3 b6 12. O-O Bb7 13. Nc4 O-O 14.
Nd6 Bc8 15. h4 gxh4 16. Bxh4 Qc7 17. Nxc8 Raxc8 18. Bxf6 Bxf6 19. Qxh6 Ne7 20. Qh7# 1-0